 Dungeon Crawl Stone Soup version 0.29.0-4-gdea44cf6ec (webtiles) character file.

Game seed: 231580842032022742

67 qw the Chopper (level 4, -2/26 HPs)
             Began as a Tengu Warper on Aug 28, 2022.
             Slain by a goblin
             ... wielding a +2 dagger of speed
             ... led by Robin
              (3 damage)
             ... on level 2 of the Dungeon.
             The game lasted 00:00:12 (2066 turns).

qw the Chopper (Tengu Warper)                       Turns: 2066, Time: 00:00:13

Health: -2/26      AC:  5    Str: 20    XL:     4   Next: 16%
Magic:  8/8        EV: 11    Int: 13    God:
Gold:   38         SH:  0    Dex: 13    Spells: 7/7 levels left

rFire   . . .      SeeInvis .   Y - +1 hand axe
rCold   . . .      Faith    .   (no shield)
rNeg    . . .      Spirit   .   d - +0 ring mail
rPois   .          Reflect  .   (helmet restricted)
rElec   .          Harm     .   (no cloak)
rCorr   .          Rampage  .   (no gloves)
Will    .....                   (boots unavailable)
Stlth   +.........              (no amulet)
HPRegen 0.08/turn               a - +6 ring of strength
MPRegen 0.11/turn               (no ring)

@: about to teleport
A: beak, talons 3
a: no special abilities


You were on level 2 of the Dungeon.
You visited 1 branch of the dungeon, and saw 2 of its levels.

You collected 38 gold pieces.


Innate Abilities, Weirdness & Mutations

You have a beak for a mouth.
You have claws for feet.


   Skills:
 - Level 2.0 Fighting
 + Level 4.7 Axes
 - Level 1.0 Throwing
 - Level 1.1 Armour
 - Level 2.1 Dodging
 - Level 2.0 Spellcasting
 - Level 2.4 Translocations


You had 7 spell levels left.
You didn't know any spells.
Your spell library contained the following spells:

 Spells                   Type           Power      Damage    Failure   Level
 Blink                    Tloc           14%        N/A       24%         2
 Gell's Gravitas          Tloc           7%         N/A       43%         3
 Lesser Beckoning         Tloc           7%         N/A       43%         3
 Teleport Other           Tloc           7%         N/A       43%         3
 Manifold Assault         Tloc           7%         N/A       99%         5

Inventory:

Hand Weapons
 f - a +0 whip
 Y - a +1 hand axe (weapon)
Armour
 d - a +0 ring mail (worn)
Jewellery
 a - a +6 ring of strength (left hand)
Potions
 e - a potion of curing
 g - a potion of heal wounds {unknown}
 h - a potion of might {unknown}
 i - 2 potions of haste
 j - a potion of lignification {unknown}
 p - a potion of brilliance {unknown}
 r - a potion of attraction {unknown}

Dungeon Overview and Level Annotations

Branches:
Dungeon (2/15)

Altars:

Shops:
D:2 :


Message History

The goblins go into a battle-frenzy!
The goblin shouts!
You hit the hobgoblin.
You kill the hobgoblin!
You barely miss the goblin. You hit Robin but do no damage.
The goblin hits you but does no damage.
Robin says, "A pitiful Tengu like you will never find the ORB!"
Robin throws the goblin at you!
You hit Robin. You claw Robin. You peck Robin.
Robin is almost dead.
You barely miss the goblin. You hit the goblin.
You kill the goblin!
A kobold comes into view. It is wielding a +0 short sword.
Robin throws the goblin at you! The goblin barely misses you.
The kobold shouts!
You hit Robin.
Robin is almost dead.
You hit the goblin. You barely miss the goblin. x2
The goblin hits you with a +0 dagger. The goblin completely misses you.
Robin throws the goblin at you! The goblin hits you with a +0 dagger.
You hit Robin.
You kill Robin!
You closely miss the goblin. You hit the goblin.
You kill the goblin!
You closely miss the goblin. The goblin hits you with a +0 dagger.
You have reached level 4!
You feel stronger.
You hit the goblin.
You kill the goblin!
You hit the goblin.
You kill the goblin!
You hit the hobgoblin. You completely miss the hobgoblin.
The hobgoblin closely misses you. The hobgoblin hits you.
2066 ||| READING scroll of teleportation.
As you read the scroll of teleportation, it crumbles to dust.
You feel strangely unstable.
The goblin hits you with a +2 dagger of speed.
The hobgoblin barely misses you. The hobgoblin closely misses you.
The goblin hits you with a +2 dagger of speed.
You die...

.. #### ... #......### ..
#(........ #......#.#
#......#.# ..
#......#.######...
#(.........g......
#.....)..)@g.K....
######..))g...... #
#........... #####
#........... #<##.
##.######### #.#.. #.#
#######.#.. .
#.########.....#.#..
)...##..............#.'..
#....................#.'..


You could see 2 hobgoblins, a goblin (strong) and a kobold.

Vanquished Creatures
  Robin (D:2)
  A dart slug (D:2)
  4 ball pythons
  An endoplasm (D:1)
  A giant cockroach (D:1)
  12 goblins
  8 hobgoblins
  8 kobolds
  3 quokkas
  5 bats (D:1)
  2 frilled lizards
  2 rats (D:2)
48 creatures vanquished.

Notes
Turn   | Place    | Note
-------+----------+-------------------------------------------
     0 | D:1      | qw the Tengu Warper began the quest for the Orb.
     0 | D:1      | Reached XP level 1. HP: 12/12 MP: 4/4
     0 | D:1      | 0 ||| qw: Version: 0.1-a-89-g26bdef1
     0 | D:1      | 0 ||| qw: Game counter: 598
     0 | D:1      | 0 ||| qw: Always use a shield: true
     0 | D:1      | 0 ||| qw: God list: Okawaru
     0 | D:1      | 0 ||| qw: Allow faded altars: false
     0 | D:1      | 0 ||| qw: Do Orc after D:15 true
     0 | D:1      | 0 ||| qw: Do second Lair branch before Depths: true
     0 | D:1      | 0 ||| qw: Lair rune preference: random
     0 | D:1      | 0 ||| qw: Plans: Normal
     0 | D:1      | 0 ||| PLANNING D:1-11
    17 | D:1      | 17 ||| Stepping ~*~*~tactically~*~*~ (stealth).
   195 | D:1      | 195 ||| Stepping ~*~*~tactically~*~*~ (stealth).
   199 | D:1      | 199 ||| Stepping ~*~*~tactically~*~*~ (stealth).
   200 | D:1      | 200 ||| Stepping ~*~*~tactically~*~*~ (stealth).
   224 | D:1      | 224 ||| Stepping ~*~*~tactically~*~*~ (stealth).
   225 | D:1      | 225 ||| Stepping ~*~*~tactically~*~*~ (stealth).
   309 | D:1      | Reached skill level 3 in Axes
   309 | D:1      | Reached XP level 2. HP: 17/17 MP: 6/6
   714 | D:1      | 714 ||| Stepping ~*~*~tactically~*~*~ (stealth).
   715 | D:1      | 715 ||| Stepping ~*~*~tactically~*~*~ (stealth).
   720 | D:1      | 720 ||| Stepping ~*~*~tactically~*~*~ (stealth).
   837 | D:1      | Reached XP level 3. HP: 21/21 MP: 7/7
  1307 | D:1      | 1307 ||| UPGRADING to +0 ring mail.
  1317 | D:1      | 1317 ||| DROPPING +0 leather armour.
  1318 | D:1      | 1318 ||| READING scroll labelled KIROASTR USEA.
  1319 | D:1      | 1319 ||| READING scroll labelled TATUEPOATA.
  1320 | D:1      | 1320 ||| READING scroll labelled ZAPEOT APUE.
  1321 | D:1      | 1321 ||| READING scroll labelled OLUCVI KUSHOS.
  1322 | D:1      | 1322 ||| DRINKING 2 smoky green potions.
  1323 | D:1      | 1323 ||| DRINKING 2 dark potions.
  1324 | D:1      | 1324 ||| DROPPING scroll of blinking.
  1325 | D:1      | 1325 ||| DROPPING potion of invisibility.
  1381 | D:2      | 1381 ||| Stepping ~*~*~tactically~*~*~ (stealth).
  1383 | D:2      | 1383 ||| Stepping ~*~*~tactically~*~*~ (stealth).
  1385 | D:2      | 1385 ||| Stepping ~*~*~tactically~*~*~ (stealth).
  1452 | D:2      | Found Nytyqi's Vocational Training.
  1457 | D:2      | Reached skill level 4 in Axes
  1463 | D:2      | 1463 ||| UPGRADING to +6 ring of strength.
  1490 | D:2      | 1490 ||| Stepping ~*~*~tactically~*~*~ (stealth).
  1766 | D:2      | 1766 ||| FLEEEEING.
  1767 | D:2      | 1767 ||| FLEEEEING.
  1768 | D:2      | 1768 ||| STAIRDANCE
  1952 | D:1      | 1952 ||| READING 2 scrolls labelled WACEEG CI FUTAAKK.
  1955 | D:1      | 1955 ||| READING scroll labelled DERPHE GETS.
  1956 | D:1      | 1956 ||| READING scroll labelled YLOXUC OMNOENT.
  1957 | D:1      | 1957 ||| DRINKING 2 bubbling sapphire potions.
  1958 | D:1      | 1958 ||| DRINKING 2 fuming pink potions.
  1959 | D:1      | 1959 ||| DROPPING potion of flight.
  2053 | D:2      | Noticed Robin
  2064 | D:2      | Killed Robin
  2065 | D:2      | Reached XP level 4. HP: 8/26 MP: 8/8
  2065 | D:2      | HP: 2/26 [hobgoblin[Robin] (6)]
  2066 | D:2      | 2066 ||| READING scroll of teleportation.
  2066 | D:2      | Slain by a goblin

Levels and vault maps discovered:
D:1:      scummos_arrival_forest, layout_loops_corners
D:2:      kennysheep_big_flooded_room, layout_basic, nicolae_shop_vocational,
          uniq_robin

Skill      XL: |  1  2  3 |
---------------+----------+-----
Axes           | 3 4 |  4.7
Fighting       | |  2.0
Throwing       | |  1.0
Armour         | |  1.1
Dodging        | |  2.1
Spellcasting   | |  2.0
Translocations | |  2.4

Action                   |  1- 3 |  4- 6 || total
-------------------------+-------+-------++-------
Melee: Hand axe          |    72 |     1 ||    73
       Kick              |    20 |       ||    20
       Peck              |    11 |       ||    11
Throw: Boomerang         |     7 |       ||     7
       Javelin           |    25 |       ||    25
  Use: Scroll            |     7 |     1 ||     8
       Potion            |     4 |       ||     4
Armor: Leather armour    |    12 |       ||    12
       Ring mail         |    10 |       ||    10
Dodge: Dodged            |    41 |     3 ||    44

Table legend:
 A = Non-vault XP
 B = Vault XP
 C = Vault XP percentage of total XP
 D = Non-vault monster count
 E = Vault monster count
 F = Vault count percentage of total count
                 A         B        C        D         E       F
            +---------+---------+-------+---------+---------+-------
      Total |      64 |      32 |  33.3 |      38 |      10 |  20.8
            +---------+---------+-------+---------+---------+-------
        D:1 |      38 |       0 |   0.0 |      23 |       0 |   0.0
        D:2 |      26 |      32 |  55.2 |      15 |      10 |  40.0
            +---------+---------+-------+---------+---------+-------
